[ PARTIDA AOE2 · #460703210 ]
UnrankedTurcos vs Teutons
[ ANÁLISIS DE REPETICIÓN · EXTRAÍDO DE LA PARTIDA GRABADA ]
Feudal
12:42
Castillos
17:05
Imperial
—
| APM promedio | 48.5 |
| APM pico | 72 |
| eAPM promedio | 27.6 |
| Aldeanos / militares | 161 / 119 |
Foco
⚔️ 31.9% · 🌾 68.1%
Fishing Ship ×60 · Camel Scout ×51 · Cavalry Archer ×38 · Scout Cavalry ×10 · Mangonel ×8 · Battering Ram ×8
Feudal
13:07
Castillos
17:06
Imperial
31:18
| APM promedio | 32.7 |
| APM pico | 100 |
| eAPM promedio | 22.4 |
| Aldeanos / militares | 212 / 131 |
Foco
⚔️ 36.4% · 🌾 63.6%
Teutonic Knight ×88 · Battering Ram ×19 · Scorpion ×18 · Fishing Ship ×6 · Trebuchet (Packed) ×4 · Mangonel ×2
Feudal
13:10
Castillos
16:44
Imperial
33:31
| APM promedio | 41.3 |
| APM pico | 67 |
| eAPM promedio | 21.7 |
| Aldeanos / militares | 116 / 82 |
Foco
⚔️ 29.0% · 🌾 71.0%
Cavalry Archer ×77 · Fishing Ship ×10 · Mangonel ×3 · Archer ×1 · Trebuchet (Packed) ×1
Feudal
13:30
Castillos
17:30
Imperial
33:32
| APM promedio | 55.2 |
| APM pico | 96 |
| eAPM promedio | 29.8 |
| Aldeanos / militares | 169 / 336 |
Foco
⚔️ 36.4% · 🌾 63.6%
Knight ×290 · Serjeant ×37 · Fishing Ship ×11 · Scout Cavalry ×4 · Trebuchet (Packed) ×4 · Spearman ×1
Feudal
14:10
Castillos
17:45
Imperial
43:42
| APM promedio | 33.4 |
| APM pico | 71 |
| eAPM promedio | 14.5 |
| Aldeanos / militares | 111 / 46 |
Foco
⚔️ 32.4% · 🌾 67.6%
Fishing Ship ×31 · Galley ×18 · Rattan Archer ×10 · Fire Galley ×9 · Mangonel ×8 · Battering Ram ×1
Feudal
12:41
Castillos
16:56
Imperial
33:54
| APM promedio | 63.5 |
| APM pico | 88 |
| eAPM promedio | 34.4 |
| Aldeanos / militares | 123 / 175 |
Foco
⚔️ 35.5% · 🌾 64.5%
Chu Ko Nu ×165 · Fishing Ship ×7 · Iron Pagoda ×6 · Militia ×2 · Trebuchet (Packed) ×2
Feudal
14:03
Castillos
18:03
Imperial
46:38
| APM promedio | 48.6 |
| APM pico | 126 |
| eAPM promedio | 27.6 |
| Aldeanos / militares | 161 / 39 |
Foco
⚔️ 28.4% · 🌾 71.6%
Bolas Rider ×28 · Fishing Ship ×14 · Mangonel ×6 · Unknown (2626) ×5 · Skirmisher ×3 · Monk ×1
Feudal
13:20
Castillos
20:11
Imperial
37:50
| APM promedio | 28.3 |
| APM pico | 82 |
| eAPM promedio | 14.6 |
| Aldeanos / militares | 95 / 75 |
Foco
⚔️ 36.7% · 🌾 63.3%
Archer ×32 · Galley ×16 · Spearman ×16 · Fishing Ship ×8 · Mangonel ×7 · Scorpion ×2
Mapa de la partida
Recursos iniciales + cada clic de construcción. Líneas = muros · curvas = relieve. ◆ oro · ⬟ piedra · ● bayas · ✦ reliquia · ◌ hueco del cierre
Tu base· Abierta — flanco sin cerrar
Base de ?· Abierta — flanco sin cerrar
Base de GRANDFATHER· Abierta — hueco de 7t
Base de Smokey· Abierta — hueco de 12t
Base de 上官铁柱· Abierta — flanco sin cerrar
Base de Mucize-· Abierta — flanco sin cerrar
Base de TAG_Wayne· Abierta — hueco de 2t
Base de MuRoo*· Abierta — hueco de 7t
Terreno inicial suavizado · ◌ = hueco del cierre detectado · pasá el cursor para detalles
Inputs por minuto
— Sushu - - ?
Build order — Sushu
Primeras 150 de 480 acciones detectadas
| 0:15 | Construir | Town Center |
| 1:07 | Construir | Dock |
| 1:08 | Construir | House |
| 2:31 | Crear | Villager (Male) ×4 |
| 2:31 | Crear | Villager (Male) ×4 |
| 3:31 | Crear | Fishing Ship |
| 3:31 | Crear | Fishing Ship |
| 4:14 | Investigar | Loom |
| 4:27 | Crear | Fishing Ship |
| 4:27 | Crear | Fishing Ship |
| 4:38 | Crear | Villager (Male) |
| 4:38 | Crear | Villager (Male) |
| 4:39 | Crear | Villager (Male) |
| 5:00 | Crear | Fishing Ship |
| 5:00 | Crear | Fishing Ship |
| 5:19 | Crear | Villager (Male) |
| 5:19 | Crear | Villager (Male) |
| 5:19 | Crear | Villager (Male) |
| 5:43 | Crear | Villager (Male) |
| 5:43 | Crear | Villager (Male) |
| 5:58 | Construir | House |
| 6:10 | Crear | Villager (Male) |
| 6:11 | Crear | Villager (Male) |
| 6:30 | Crear | Villager (Male) |
| 6:31 | Crear | Villager (Male) |
| 6:45 | Crear | Fishing Ship |
| 6:45 | Crear | Fishing Ship |
| 6:59 | Crear | Villager (Male) |
| 6:59 | Crear | Villager (Male) |
| 7:05 | Crear | Villager (Male) |
| 7:05 | Crear | Villager (Male) |
| 7:14 | Crear | Fishing Ship |
| 7:16 | Crear | Villager (Male) |
| 7:16 | Crear | Villager (Male) |
| 7:24 | Crear | Fishing Ship |
| 7:36 | Construir | House |
| 8:02 | Crear | Villager (Male) |
| 8:11 | Construir | Mill |
| 8:37 | Crear | Villager (Male) |
| 8:45 | Crear | Fishing Ship |
| 8:46 | Crear | Fishing Ship |
| 8:59 | Crear | Villager (Male) |
| 9:28 | Crear | Villager (Male) |
| 9:29 | Crear | Fishing Ship |
| 9:35 | Construir | House |
| 9:58 | Crear | Villager (Male) |
| 10:07 | Crear | Fishing Ship |
| 10:32 | Investigar | Feudal Age |
| 10:32 | Investigar | Feudal Age |
| 10:40 | Construir | Lumber Camp |
| 11:04 | Construir | House |
| 11:33 | Construir | Mining Camp |
| 11:40 | Construir | House |
| 11:42 | Construir | Palisade Wall |
| 11:43 | Construir | Palisade Wall |
| 12:41 | Crear | Villager (Male) |
| 12:42 | Edad | Edad Feudal |
| 12:48 | Construir | Market |
| 12:52 | Construir | Blacksmith |
| 12:56 | Crear | Villager (Male) |
| 13:32 | Crear | Villager (Male) |
| 13:58 | Construir | House |
| 14:09 | Construir | Mill |
| 14:25 | Investigar | Castle Age |
| 14:26 | Investigar | Castle Age |
| 14:35 | Construir | House |
| 15:04 | Investigar | Double-Bit Axe |
| 15:07 | Construir | House |
| 15:34 | Construir | House |
| 15:39 | Construir | House |
| 15:55 | Investigar | Horse Collar |
| 16:13 | Construir | Dock |
| 16:17 | Construir | House |
| 16:22 | Construir | House |
| 16:55 | Construir | Palisade Wall |
| 16:58 | Crear | Villager (Male) |
| 17:05 | Edad | Edad de los Castillos |
| 17:07 | Construir | Siege Workshop |
| 17:26 | Crear | Villager (Male) |
| 17:34 | Investigar | Bow Saw |
| 17:34 | Investigar | Bow Saw |
| 17:34 | Investigar | Bow Saw |
| 17:44 | Crear | Mangonel |
| 17:44 | Crear | Mangonel |
| 17:45 | Crear | Mangonel |
| 17:49 | Construir | Palisade Wall |
| 17:51 | Crear | Villager (Male) |
| 18:13 | Crear | Fishing Ship |
| 18:15 | Crear | Villager (Male) |
| 18:22 | Construir | House |
| 18:40 | Construir | Monastery |
| 18:49 | Crear | Villager (Male) |
| 18:56 | Construir | Palisade Wall |
| 19:01 | Construir | Palisade Wall |
| 19:03 | Construir | Palisade Wall |
| 19:05 | Construir | Palisade Wall |
| 19:06 | Construir | Palisade Wall |
| 19:20 | Crear | Monk |
| 19:22 | Crear | Villager (Male) |
| 19:32 | Crear | Villager (Male) |
| 19:36 | Construir | Barracks |
| 19:43 | Crear | Villager (Male) |
| 19:53 | Crear | Monk |
| 20:07 | Construir | Town Center |
| 20:25 | Crear | Villager (Male) |
| 20:37 | Construir | Archery Range |
| 20:53 | Crear | Villager (Male) |
| 20:59 | Crear | Villager (Male) |
| 20:59 | Crear | Villager (Male) |
| 21:16 | Crear | Mangonel |
| 21:17 | Crear | Mangonel |
| 21:22 | Crear | Fishing Ship |
| 21:22 | Crear | Fishing Ship |
| 21:22 | Crear | Fishing Ship |
| 21:23 | Crear | Villager (Male) |
| 21:36 | Construir | House |
| 21:42 | Crear | Mangonel |
| 21:43 | Crear | Villager (Male) |
| 21:43 | Crear | Villager (Male) |
| 21:44 | Crear | Villager (Male) |
| 21:44 | Crear | Villager (Male) |
| 21:44 | Crear | Villager (Male) |
| 21:50 | Crear | Fishing Ship |
| 21:50 | Crear | Fishing Ship |
| 22:13 | Construir | House |
| 22:17 | Construir | Dock |
| 22:32 | Crear | Villager (Male) |
| 22:33 | Crear | Fishing Ship |
| 22:34 | Crear | Fishing Ship |
| 22:34 | Crear | Fishing Ship |
| 22:36 | Construir | House |
| 22:53 | Crear | Villager (Male) |
| 23:06 | Construir | Farm |
| 23:08 | Construir | Farm |
| 23:09 | Crear | Fishing Ship |
| 23:09 | Crear | Fishing Ship |
| 23:11 | Crear | Mangonel |
| 23:17 | Crear | Monk |
| 23:18 | Crear | Villager (Male) |
| 23:18 | Crear | Villager (Male) |
| 23:46 | Crear | Villager (Male) |
| 23:49 | Crear | Cavalry Archer |
| 23:49 | Crear | Cavalry Archer |
| 23:52 | Construir | Archery Range |
| 23:57 | Crear | Villager (Male) |
| 24:06 | Construir | Lumber Camp |
| 24:11 | Crear | Battering Ram |
| 24:11 | Crear | Battering Ram |
| 24:22 | Crear | Villager (Male) |
| 24:33 | Crear | Villager (Male) |
Build order — ?
Primeras 150 de 425 acciones detectadas
| 0:17 | Construir | Town Center |
| 0:59 | Construir | Dock |
| 1:00 | Construir | House |
| 2:39 | Crear | Villager (Male) ×4 |
| 3:46 | Construir | House |
| 3:56 | Crear | Fishing Ship |
| 4:16 | Crear | Villager (Male) |
| 4:16 | Crear | Villager (Male) |
| 4:41 | Construir | House |
| 4:54 | Crear | Villager (Male) |
| 4:55 | Crear | Villager (Male) |
| 5:21 | Crear | Villager (Male) |
| 5:21 | Crear | Villager (Male) |
| 5:32 | Crear | Fishing Ship |
| 5:32 | Crear | Fishing Ship |
| 5:49 | Crear | Villager (Male) |
| 5:49 | Crear | Villager (Male) |
| 6:07 | Construir | House |
| 6:11 | Crear | Villager (Male) |
| 6:11 | Crear | Villager (Male) |
| 6:27 | Crear | Fishing Ship |
| 6:35 | Crear | Villager (Male) |
| 6:35 | Crear | Villager (Male) |
| 6:50 | Crear | Villager (Male) |
| 6:51 | Crear | Villager (Male) |
| 6:56 | Crear | Villager (Male) |
| 6:57 | Crear | Villager (Male) |
| 7:19 | Construir | House |
| 7:22 | Crear | Fishing Ship |
| 7:24 | Crear | Villager (Male) |
| 7:24 | Crear | Villager (Male) |
| 7:26 | Construir | House |
| 7:54 | Crear | Villager (Male) |
| 7:55 | Crear | Villager (Male) |
| 8:01 | Crear | Fishing Ship |
| 8:24 | Crear | Villager (Male) |
| 8:25 | Crear | Villager (Male) |
| 8:41 | Construir | Lumber Camp |
| 9:10 | Construir | House |
| 9:14 | Crear | Villager (Male) |
| 9:14 | Crear | Villager (Male) |
| 9:16 | Crear | Villager (Male) |
| 9:17 | Crear | Villager (Male) |
| 9:17 | Crear | Villager (Male) |
| 10:15 | Construir | House |
| 10:30 | Investigar | Loom |
| 10:30 | Investigar | Loom |
| 10:52 | Construir | House |
| 10:53 | Construir | House |
| 10:57 | Investigar | Feudal Age |
| 10:58 | Investigar | Feudal Age |
| 11:09 | Construir | Mining Camp |
| 12:10 | Construir | Barracks |
| 12:34 | Crear | Villager (Male) |
| 12:34 | Crear | Villager (Male) |
| 13:07 | Edad | Edad Feudal |
| 13:09 | Construir | Stable |
| 13:44 | Construir | Blacksmith |
| 13:59 | Crear | Villager (Male) |
| 14:01 | Investigar | Town Watch |
| 14:01 | Investigar | Town Watch |
| 14:24 | Investigar | Castle Age |
| 14:24 | Investigar | Castle Age |
| 15:02 | Investigar | Stone Mining |
| 15:03 | Investigar | Stone Mining |
| 15:47 | Investigar | Double-Bit Axe |
| 15:47 | Investigar | Double-Bit Axe |
| 16:17 | Investigar | Gold Mining |
| 16:18 | Investigar | Gold Mining |
| 17:01 | Crear | Villager (Male) |
| 17:01 | Crear | Villager (Male) |
| 17:06 | Edad | Edad de los Castillos |
| 17:10 | Construir | Castle |
| 17:17 | Construir | Castle |
| 17:29 | Investigar | Fletching |
| 17:30 | Investigar | Fletching |
| 17:43 | Construir | Town Center |
| 18:23 | Crear | Villager (Male) |
| 18:53 | Crear | Villager (Male) |
| 18:54 | Crear | Villager (Male) |
| 19:23 | Construir | Siege Workshop |
| 19:26 | Investigar | Squires |
| 19:26 | Investigar | Squires |
| 19:29 | Crear | Villager (Male) |
| 19:29 | Crear | Villager (Male) |
| 19:46 | Crear | Villager (Male) |
| 19:46 | Crear | Villager (Male) |
| 19:53 | Crear | Battering Ram |
| 19:53 | Crear | Battering Ram |
| 20:02 | Crear | Villager (Male) |
| 20:02 | Crear | Villager (Male) |
| 20:03 | Crear | Villager (Male) |
| 20:13 | Construir | Mill |
| 20:21 | Crear | Teutonic Knight |
| 20:25 | Crear | Battering Ram |
| 20:25 | Crear | Battering Ram |
| 20:44 | Crear | Villager (Male) |
| 20:44 | Crear | Villager (Male) |
| 21:02 | Crear | Villager (Male) ×2 |
| 21:06 | Construir | Farm |
| 21:06 | Construir | Farm |
| 21:06 | Construir | Farm |
| 21:07 | Construir | Farm |
| 21:08 | Construir | Farm |
| 21:16 | Construir | Farm |
| 21:17 | Construir | Farm |
| 21:18 | Construir | Farm |
| 21:21 | Construir | Farm |
| 21:22 | Construir | Farm |
| 21:33 | Crear | Villager (Male) |
| 21:33 | Crear | Villager (Male) |
| 21:34 | Crear | Battering Ram |
| 21:49 | Construir | Farm |
| 21:55 | Crear | Villager (Male) |
| 22:05 | Construir | Farm |
| 22:05 | Construir | Farm |
| 22:05 | Construir | Farm |
| 22:05 | Construir | Farm |
| 22:07 | Construir | Farm |
| 22:08 | Construir | Farm |
| 22:10 | Construir | Farm |
| 22:11 | Construir | Farm |
| 22:13 | Crear | Villager (Male) |
| 22:13 | Crear | Villager (Male) |
| 22:21 | Construir | Farm |
| 22:27 | Crear | Villager (Male) |
| 22:28 | Crear | Villager (Male) |
| 22:40 | Crear | Teutonic Knight |
| 22:45 | Construir | Farm |
| 22:48 | Construir | Farm |
| 22:53 | Crear | Villager (Male) |
| 22:53 | Crear | Villager (Male) |
| 23:01 | Crear | Villager (Male) |
| 23:02 | Crear | Villager (Male) |
| 23:05 | Crear | Battering Ram |
| 23:31 | Crear | Villager (Male) |
| 23:31 | Crear | Villager (Male) |
| 23:32 | Crear | Teutonic Knight |
| 23:32 | Crear | Teutonic Knight |
| 23:45 | Crear | Battering Ram |
| 24:01 | Investigar | Squires |
| 24:02 | Investigar | Scale Mail Armor |
| 24:02 | Investigar | Scale Mail Armor |
| 24:22 | Crear | Scorpion |
| 24:22 | Crear | Scorpion |
| 24:26 | Crear | Villager (Male) |
| 24:26 | Crear | Villager (Male) |
| 24:26 | Crear | Villager (Male) |
| 24:55 | Crear | Scorpion |
| 25:01 | Crear | Villager (Male) ×4 |
Build order — GRANDFATHER
Primeras 150 de 321 acciones detectadas
| 0:18 | Construir | Town Center |
| 1:03 | Construir | Dock |
| 1:04 | Construir | House |
| 1:41 | Construir | House |
| 2:33 | Crear | Villager (Male) ×4 |
| 3:33 | Crear | Fishing Ship |
| 3:50 | Crear | Villager (Male) |
| 4:28 | Crear | Fishing Ship |
| 4:35 | Investigar | Loom |
| 4:52 | Crear | Villager (Male) |
| 5:19 | Crear | Villager (Male) |
| 5:30 | Construir | House |
| 5:49 | Crear | Villager (Male) |
| 6:05 | Crear | Villager (Male) |
| 6:06 | Crear | Fishing Ship |
| 6:15 | Construir | Palisade Wall |
| 6:32 | Crear | Villager (Male) |
| 6:52 | Crear | Fishing Ship |
| 7:15 | Crear | Villager (Male) |
| 7:22 | Construir | House |
| 7:36 | Crear | Villager (Male) |
| 7:46 | Crear | Fishing Ship |
| 7:50 | Crear | Villager (Male) |
| 8:03 | Crear | Villager (Male) |
| 8:22 | Crear | Villager (Male) |
| 8:27 | Crear | Fishing Ship |
| 8:37 | Construir | House |
| 8:40 | Crear | Villager (Male) |
| 8:50 | Crear | Villager (Male) |
| 9:11 | Crear | Fishing Ship |
| 9:53 | Crear | Fishing Ship |
| 9:55 | Construir | House |
| 10:04 | Crear | Villager (Male) |
| 10:23 | Construir | Mill |
| 10:35 | Crear | Villager (Male) |
| 10:48 | Investigar | Feudal Age |
| 10:58 | Crear | Fishing Ship |
| 11:51 | Construir | Mining Camp |
| 11:57 | Crear | Fishing Ship |
| 12:01 | Construir | House |
| 12:51 | Crear | Villager (Male) |
| 12:51 | Crear | Villager (Male) |
| 13:10 | Edad | Edad Feudal |
| 13:15 | Construir | Market |
| 13:17 | Construir | Blacksmith |
| 13:18 | Crear | Villager (Male) |
| 13:41 | Construir | Lumber Camp |
| 14:04 | Investigar | Castle Age |
| 14:05 | Investigar | Castle Age |
| 14:14 | Construir | House |
| 14:18 | Construir | Palisade Wall |
| 14:18 | Construir | Palisade Wall |
| 14:19 | Construir | Palisade Wall |
| 14:27 | Construir | Palisade Wall |
| 14:31 | Construir | Palisade Wall |
| 14:32 | Construir | Palisade Wall |
| 14:34 | Construir | Palisade Wall |
| 14:35 | Construir | Palisade Wall |
| 14:53 | Investigar | Double-Bit Axe |
| 15:00 | Construir | House |
| 15:03 | Construir | Palisade Wall |
| 15:16 | Construir | Barracks |
| 15:48 | Investigar | Fletching |
| 16:07 | Crear | Villager (Male) |
| 16:08 | Crear | Villager (Male) |
| 16:23 | Construir | Archery Range |
| 16:25 | Investigar | Gold Mining |
| 16:42 | Construir | Archery Range |
| 16:44 | Edad | Edad de los Castillos |
| 16:53 | Investigar | Bodkin Arrow |
| 17:05 | Crear | Cavalry Archer |
| 17:14 | Crear | Cavalry Archer |
| 17:26 | Crear | Cavalry Archer |
| 17:40 | Crear | Cavalry Archer |
| 17:57 | Construir | Town Center |
| 18:01 | Crear | Cavalry Archer |
| 18:07 | Crear | Villager (Male) |
| 18:21 | Crear | Villager (Male) |
| 18:25 | Crear | Cavalry Archer |
| 18:41 | Crear | Cavalry Archer |
| 18:49 | Crear | Cavalry Archer |
| 18:51 | Crear | Villager (Male) |
| 19:00 | Crear | Cavalry Archer |
| 19:10 | Crear | Villager (Male) |
| 19:22 | Construir | Mill |
| 19:29 | Crear | Villager (Male) |
| 19:34 | Crear | Villager (Male) |
| 19:37 | Crear | Cavalry Archer |
| 19:41 | Crear | Villager (Male) |
| 19:47 | Crear | Cavalry Archer |
| 19:50 | Crear | Villager (Male) |
| 19:59 | Crear | Villager (Male) |
| 20:06 | Crear | Cavalry Archer |
| 20:13 | Crear | Villager (Male) |
| 20:19 | Crear | Villager (Male) |
| 20:28 | Construir | House |
| 20:30 | Construir | House |
| 20:32 | Crear | Cavalry Archer |
| 20:32 | Crear | Cavalry Archer |
| 20:42 | Crear | Cavalry Archer |
| 20:56 | Crear | Cavalry Archer |
| 20:56 | Crear | Cavalry Archer |
| 20:58 | Crear | Villager (Male) |
| 21:10 | Crear | Villager (Male) |
| 21:10 | Crear | Villager (Male) |
| 21:12 | Crear | Cavalry Archer |
| 21:12 | Crear | Cavalry Archer |
| 21:23 | Construir | Siege Workshop |
| 21:28 | Crear | Cavalry Archer |
| 21:32 | Crear | Villager (Male) |
| 21:43 | Crear | Cavalry Archer |
| 21:43 | Crear | Cavalry Archer |
| 21:55 | Crear | Villager (Male) |
| 21:56 | Crear | Villager (Male) |
| 21:58 | Construir | House |
| 21:59 | Construir | House |
| 22:19 | Crear | Mangonel |
| 22:21 | Construir | House |
| 22:34 | Crear | Cavalry Archer |
| 22:35 | Crear | Cavalry Archer |
| 22:36 | Construir | House |
| 22:44 | Crear | Villager (Male) |
| 22:54 | Investigar | Bow Saw |
| 23:02 | Crear | Cavalry Archer |
| 23:02 | Crear | Cavalry Archer |
| 23:30 | Crear | Villager (Male) |
| 23:30 | Crear | Villager (Male) |
| 23:34 | Construir | Castle |
| 23:37 | Crear | Villager (Male) |
| 23:37 | Crear | Villager (Male) |
| 23:56 | Crear | Mangonel |
| 23:57 | Crear | Villager (Male) |
| 23:58 | Crear | Villager (Male) |
| 24:01 | Construir | House |
| 24:01 | Construir | House |
| 24:04 | Crear | Villager (Male) |
| 24:24 | Crear | Archer |
| 24:41 | Crear | Cavalry Archer |
| 24:41 | Crear | Cavalry Archer |
| 25:02 | Crear | Villager (Male) |
| 25:14 | Crear | Cavalry Archer |
| 25:14 | Crear | Cavalry Archer |
| 25:37 | Crear | Villager (Male) |
| 25:47 | Construir | Blacksmith |
| 26:08 | Crear | Cavalry Archer |
| 26:08 | Crear | Cavalry Archer |
| 26:22 | Crear | Cavalry Archer |
| 26:22 | Crear | Cavalry Archer |
| 26:22 | Crear | Cavalry Archer |
| 26:27 | Construir | House |
Build order — Smokey
Primeras 150 de 496 acciones detectadas
| 0:14 | Construir | Town Center |
| 1:35 | Construir | Dock |
| 1:36 | Construir | House |
| 2:29 | Crear | Villager (Male) ×4 |
| 2:29 | Crear | Villager (Male) ×4 |
| 3:33 | Crear | Fishing Ship |
| 4:06 | Crear | Villager (Male) |
| 4:06 | Crear | Villager (Male) |
| 4:23 | Construir | House |
| 4:33 | Crear | Villager (Male) |
| 5:03 | Crear | Villager (Male) |
| 5:05 | Crear | Fishing Ship |
| 5:28 | Crear | Villager (Male) |
| 5:40 | Construir | House |
| 5:47 | Crear | Villager (Male) |
| 6:04 | Crear | Fishing Ship |
| 6:06 | Crear | Villager (Male) |
| 6:32 | Crear | Villager (Male) |
| 6:49 | Crear | Fishing Ship |
| 6:49 | Crear | Fishing Ship |
| 6:57 | Construir | House |
| 7:09 | Crear | Villager (Male) |
| 7:09 | Crear | Villager (Male) |
| 7:18 | Construir | House |
| 7:42 | Crear | Fishing Ship |
| 7:44 | Crear | Villager (Male) |
| 8:06 | Crear | Villager (Male) |
| 8:28 | Crear | Villager (Male) |
| 8:28 | Crear | Villager (Male) |
| 8:29 | Crear | Villager (Male) |
| 8:30 | Crear | Fishing Ship |
| 8:33 | Construir | House |
| 8:50 | Crear | Fishing Ship |
| 9:10 | Crear | Villager (Male) |
| 9:10 | Crear | Fishing Ship |
| 9:12 | Construir | House |
| 9:37 | Construir | House |
| 9:46 | Crear | Villager (Male) |
| 10:01 | Crear | Villager (Male) |
| 10:03 | Crear | Fishing Ship |
| 10:30 | Construir | House |
| 10:44 | Construir | Mining Camp |
| 10:55 | Crear | Villager (Male) |
| 10:59 | Construir | Mill |
| 11:07 | Crear | Fishing Ship |
| 11:19 | Investigar | Feudal Age |
| 11:19 | Investigar | Feudal Age |
| 11:49 | Construir | House |
| 12:29 | Construir | Dock |
| 13:08 | Crear | Villager (Male) |
| 13:30 | Edad | Edad Feudal |
| 13:32 | Crear | Villager (Male) |
| 13:42 | Construir | Market |
| 14:16 | Crear | Villager (Male) |
| 14:19 | Construir | Blacksmith |
| 14:29 | Construir | House |
| 14:50 | Investigar | Castle Age |
| 15:02 | Investigar | Scale Barding Armor |
| 15:09 | Construir | Lumber Camp |
| 15:52 | Construir | Barracks |
| 16:01 | Investigar | Double-Bit Axe |
| 16:45 | Construir | Stable |
| 16:57 | Investigar | Loom |
| 17:30 | Edad | Edad de los Castillos |
| 17:31 | Crear | Villager (Male) |
| 17:32 | Crear | Knight |
| 17:41 | Construir | Town Center |
| 17:44 | Crear | Villager (Male) |
| 18:03 | Investigar | Bow Saw |
| 18:04 | Investigar | Bow Saw |
| 18:04 | Crear | Knight |
| 18:13 | Crear | Knight |
| 18:14 | Crear | Villager (Male) |
| 18:31 | Crear | Villager (Male) |
| 18:31 | Crear | Villager (Male) |
| 18:46 | Crear | Knight |
| 18:48 | Crear | Villager (Male) |
| 18:48 | Crear | Villager (Male) |
| 19:17 | Crear | Villager (Male) |
| 19:20 | Construir | Town Center |
| 19:23 | Construir | Town Center |
| 19:25 | Crear | Villager (Male) |
| 19:31 | Crear | Knight |
| 19:42 | Crear | Villager (Male) |
| 19:47 | Construir | Town Center |
| 19:52 | Crear | Villager (Male) |
| 20:06 | Crear | Knight |
| 20:09 | Crear | Villager (Male) |
| 20:09 | Crear | Villager (Male) |
| 20:27 | Crear | Villager (Male) |
| 20:27 | Crear | Villager (Male) |
| 20:28 | Crear | Villager (Male) |
| 20:33 | Investigar | Horse Collar |
| 20:41 | Crear | Villager (Male) |
| 20:41 | Crear | Villager (Male) |
| 20:52 | Investigar | Chain Barding Armor |
| 20:57 | Construir | House |
| 20:58 | Construir | House |
| 21:03 | Crear | Villager (Male) |
| 21:04 | Crear | Villager (Male) |
| 21:18 | Crear | Knight |
| 21:21 | Crear | Villager (Male) |
| 21:21 | Crear | Villager (Male) |
| 21:21 | Crear | Villager (Male) |
| 21:21 | Crear | Villager (Male) |
| 21:23 | Construir | Farm |
| 21:24 | Construir | Farm |
| 21:26 | Construir | Farm |
| 21:26 | Construir | Farm |
| 21:27 | Construir | Farm |
| 21:28 | Construir | Farm |
| 21:34 | Construir | Farm |
| 21:36 | Construir | Farm |
| 21:37 | Construir | Farm |
| 21:39 | Construir | Farm |
| 21:41 | Construir | Farm |
| 21:43 | Crear | Villager (Male) |
| 21:49 | Construir | Farm |
| 21:50 | Construir | Farm |
| 21:51 | Construir | Farm |
| 21:53 | Construir | House |
| 21:54 | Construir | House |
| 21:57 | Crear | Knight |
| 22:03 | Crear | Scout Cavalry |
| 22:06 | Crear | Villager (Male) |
| 22:06 | Crear | Villager (Male) |
| 22:16 | Crear | Villager (Male) |
| 22:16 | Crear | Villager (Male) |
| 22:32 | Crear | Scout Cavalry |
| 22:38 | Crear | Villager (Male) |
| 22:39 | Crear | Villager (Male) |
| 22:42 | Construir | Farm |
| 22:43 | Construir | Farm |
| 22:44 | Construir | Farm |
| 22:45 | Crear | Villager (Male) |
| 22:45 | Crear | Villager (Male) |
| 22:56 | Construir | Town Center |
| 22:59 | Crear | Villager (Male) |
| 22:59 | Crear | Villager (Male) |
| 22:59 | Crear | Villager (Male) |
| 23:02 | Crear | Scout Cavalry |
| 23:09 | Crear | Villager (Male) |
| 23:09 | Crear | Villager (Male) |
| 23:10 | Construir | Stable |
| 23:12 | Crear | Villager (Male) |
| 23:12 | Crear | Villager (Male) |
| 23:26 | Crear | Villager (Male) |
| 23:26 | Crear | Villager (Male) |
| 23:31 | Investigar | Light Cavalry (upgrade) |
| 23:32 | Investigar | Light Cavalry (upgrade) |
Build order — 上官铁柱
Primeras 150 de 303 acciones detectadas
| 0:37 | Construir | Town Center |
| 1:04 | Construir | Dock |
| 1:05 | Construir | House |
| 2:55 | Crear | Villager (Male) |
| 2:56 | Crear | Villager (Male) |
| 2:56 | Crear | Villager (Male) |
| 2:57 | Crear | Villager (Male) |
| 2:57 | Crear | Villager (Male) |
| 3:49 | Construir | House |
| 4:04 | Construir | House |
| 4:15 | Crear | Villager (Male) |
| 4:31 | Crear | Fishing Ship |
| 5:01 | Investigar | Loom |
| 5:01 | Investigar | Loom |
| 5:05 | Construir | House |
| 5:30 | Crear | Villager (Male) |
| 5:30 | Crear | Villager (Male) |
| 5:35 | Crear | Fishing Ship |
| 5:35 | Crear | Fishing Ship |
| 5:57 | Crear | Villager (Male) |
| 5:58 | Crear | Villager (Male) |
| 6:11 | Crear | Villager (Male) |
| 6:11 | Crear | Villager (Male) |
| 6:11 | Crear | Villager (Male) |
| 6:25 | Construir | House |
| 6:29 | Crear | Villager (Male) |
| 6:49 | Crear | Fishing Ship |
| 7:10 | Crear | Villager (Male) |
| 7:10 | Crear | Villager (Male) |
| 7:10 | Crear | Villager (Male) |
| 7:35 | Crear | Fishing Ship |
| 7:36 | Crear | Villager (Male) |
| 7:57 | Crear | Villager (Male) |
| 8:02 | Construir | House |
| 8:17 | Crear | Villager (Male) |
| 8:24 | Crear | Villager (Male) |
| 8:24 | Crear | Villager (Male) |
| 8:50 | Crear | Fishing Ship |
| 9:37 | Crear | Fishing Ship |
| 9:39 | Construir | House |
| 9:42 | Crear | Villager (Male) |
| 9:44 | Construir | House |
| 10:06 | Construir | Mill |
| 10:20 | Crear | Villager (Male) |
| 10:24 | Crear | Villager (Male) |
| 10:33 | Crear | Villager (Male) |
| 10:42 | Construir | Mining Camp |
| 10:52 | Crear | Villager (Male) |
| 11:36 | Construir | Mining Camp |
| 11:43 | Investigar | Feudal Age |
| 11:43 | Investigar | Feudal Age |
| 11:48 | Construir | House |
| 13:14 | Crear | Villager (Male) |
| 13:15 | Crear | Villager (Male) |
| 14:10 | Edad | Edad Feudal |
| 14:13 | Construir | Market |
| 14:22 | Construir | Blacksmith |
| 15:05 | Investigar | Castle Age |
| 15:06 | Investigar | Castle Age |
| 15:36 | Construir | Lumber Camp |
| 16:02 | Crear | Fire Galley |
| 16:26 | Investigar | Double-Bit Axe |
| 16:26 | Investigar | Double-Bit Axe |
| 16:44 | Crear | Villager (Male) |
| 16:44 | Crear | Villager (Male) |
| 16:45 | Crear | Villager (Male) |
| 16:45 | Crear | Villager (Male) |
| 17:07 | Construir | House |
| 17:45 | Edad | Edad de los Castillos |
| 17:47 | Crear | Villager (Male) |
| 18:18 | Construir | Castle |
| 18:28 | Investigar | Bow Saw |
| 18:30 | Crear | Villager (Male) |
| 18:33 | Investigar | Horse Collar |
| 18:38 | Construir | Lumber Camp |
| 18:41 | Crear | Villager (Male) |
| 18:46 | Investigar | Fletching |
| 18:46 | Investigar | Fletching |
| 19:10 | Crear | Rattan Archer |
| 19:21 | Investigar | Bodkin Arrow |
| 19:26 | Crear | Villager (Male) |
| 19:31 | Crear | Rattan Archer |
| 19:39 | Crear | Rattan Archer |
| 20:09 | Crear | Villager (Male) |
| 20:11 | Construir | Siege Workshop |
| 20:30 | Crear | Rattan Archer |
| 20:32 | Crear | Villager (Male) |
| 20:35 | Crear | Villager (Male) |
| 20:56 | Crear | Rattan Archer |
| 20:58 | Crear | Villager (Male) |
| 21:06 | Crear | Mangonel |
| 21:09 | Crear | Villager (Male) |
| 21:23 | Crear | Rattan Archer |
| 21:41 | Crear | Villager (Male) |
| 21:58 | Crear | Villager (Male) |
| 22:02 | Crear | Rattan Archer |
| 22:18 | Crear | Battering Ram |
| 22:47 | Crear | Villager (Male) |
| 22:50 | Crear | Rattan Archer |
| 22:51 | Crear | Villager (Male) |
| 22:56 | Construir | University |
| 22:59 | Crear | Villager (Male) |
| 23:33 | Crear | Mangonel |
| 23:34 | Crear | Villager (Male) |
| 23:47 | Construir | Castle |
| 24:01 | Crear | Villager (Male) |
| 24:17 | Crear | Mangonel |
| 24:18 | Crear | Villager (Male) |
| 24:18 | Crear | Villager (Male) |
| 24:19 | Crear | Villager (Male) |
| 25:25 | Crear | Villager (Male) |
| 25:25 | Crear | Villager (Male) |
| 25:29 | Crear | Villager (Male) |
| 26:20 | Crear | Mangonel |
| 26:34 | Crear | Villager (Male) |
| 26:40 | Crear | Mangonel |
| 26:43 | Crear | Villager (Male) |
| 26:47 | Crear | Villager (Male) |
| 26:54 | Construir | Town Center |
| 27:10 | Crear | Villager (Male) |
| 27:51 | Crear | Villager (Male) |
| 27:51 | Crear | Villager (Male) |
| 28:04 | Construir | Mining Camp |
| 28:38 | Crear | Villager (Male) |
| 28:41 | Crear | Villager (Male) |
| 28:41 | Crear | Villager (Male) |
| 29:10 | Construir | Castle |
| 29:12 | Crear | Mangonel |
| 29:13 | Crear | Mangonel |
| 29:41 | Crear | Rattan Archer |
| 29:41 | Crear | Rattan Archer |
| 30:34 | Crear | Villager (Male) |
| 30:52 | Crear | Villager (Male) |
| 30:52 | Crear | Villager (Male) |
| 31:10 | Construir | Town Center |
| 31:29 | Crear | Villager (Male) |
| 32:19 | Construir | Town Center |
| 32:54 | Construir | Dock |
| 33:16 | Crear | Villager (Male) |
| 33:17 | Crear | Villager (Male) |
| 33:17 | Crear | Villager (Male) |
| 33:21 | Construir | Mill |
| 33:51 | Crear | Villager (Male) |
| 34:02 | Crear | Fishing Ship |
| 34:02 | Crear | Fishing Ship |
| 34:10 | Construir | Dock |
| 34:23 | Crear | Fishing Ship |
| 34:24 | Crear | Fishing Ship |
| 34:24 | Crear | Villager (Male) |
| 34:25 | Crear | Villager (Male) |
Build order — Mucize-
Primeras 150 de 427 acciones detectadas
| 0:20 | Construir | Town Center |
| 1:15 | Construir | Dock |
| 2:36 | Investigar | Loom |
| 3:16 | Crear | Villager (Male) |
| 3:40 | Crear | Villager (Male) |
| 4:06 | Crear | Villager (Male) |
| 4:26 | Crear | Villager (Male) |
| 4:47 | Crear | Villager (Male) |
| 5:18 | Crear | Villager (Male) |
| 5:18 | Crear | Fishing Ship |
| 5:21 | Construir | Palisade Wall |
| 5:48 | Crear | Villager (Male) |
| 5:55 | Construir | House |
| 6:07 | Crear | Fishing Ship |
| 6:15 | Crear | Villager (Male) |
| 6:41 | Crear | Villager (Male) |
| 6:52 | Construir | House |
| 6:59 | Construir | House |
| 6:59 | Crear | Villager (Male) |
| 7:09 | Crear | Fishing Ship |
| 7:14 | Construir | House |
| 7:28 | Crear | Villager (Male) |
| 7:49 | Crear | Villager (Male) |
| 7:59 | Construir | House |
| 8:00 | Crear | Villager (Male) |
| 8:01 | Crear | Fishing Ship |
| 8:12 | Crear | Villager (Male) |
| 8:31 | Construir | Lumber Camp |
| 8:43 | Crear | Villager (Male) |
| 8:56 | Crear | Villager (Male) |
| 9:11 | Crear | Fishing Ship |
| 9:31 | Crear | Villager (Male) |
| 9:43 | Construir | Mining Camp |
| 10:03 | Crear | Villager (Male) |
| 10:31 | Investigar | Feudal Age |
| 10:31 | Investigar | Feudal Age |
| 10:51 | Construir | Mining Camp |
| 11:37 | Construir | House |
| 11:41 | Construir | House |
| 11:48 | Crear | Villager (Male) |
| 11:48 | Crear | Villager (Male) |
| 12:41 | Edad | Edad Feudal |
| 12:48 | Construir | Mill |
| 13:04 | Construir | Blacksmith |
| 13:29 | Construir | Market |
| 13:30 | Crear | Villager (Male) |
| 13:40 | Investigar | Double-Bit Axe |
| 14:16 | Investigar | Castle Age |
| 14:16 | Investigar | Castle Age |
| 14:40 | Investigar | Fletching |
| 14:47 | Investigar | Gold Mining |
| 15:08 | Construir | Dock |
| 15:40 | Crear | Villager (Male) |
| 15:48 | Investigar | Padded Archer Armor |
| 15:53 | Crear | Fishing Ship |
| 15:53 | Crear | Fishing Ship |
| 16:08 | Construir | House |
| 16:09 | Construir | Palisade Wall |
| 16:20 | Construir | House |
| 16:22 | Construir | Palisade Wall |
| 16:26 | Construir | Palisade Wall |
| 16:56 | Edad | Edad de los Castillos |
| 16:58 | Construir | Castle |
| 17:02 | Investigar | Bow Saw |
| 17:12 | Construir | Castle |
| 17:19 | Crear | Villager (Male) |
| 17:31 | Crear | Villager (Male) |
| 17:36 | Investigar | Bodkin Arrow |
| 17:55 | Crear | Villager (Male) |
| 18:09 | Crear | Chu Ko Nu |
| 18:11 | Construir | Siege Workshop |
| 18:13 | Crear | Villager (Male) |
| 18:13 | Crear | Chu Ko Nu |
| 18:19 | Crear | Chu Ko Nu |
| 18:20 | Crear | Villager (Male) |
| 18:31 | Crear | Chu Ko Nu |
| 18:40 | Crear | Villager (Male) |
| 18:46 | Crear | Chu Ko Nu |
| 18:56 | Construir | House |
| 18:57 | Construir | House |
| 19:00 | Crear | Villager (Male) |
| 19:09 | Crear | Villager (Male) |
| 19:13 | Crear | Chu Ko Nu |
| 19:20 | Crear | Chu Ko Nu |
| 19:22 | Crear | Villager (Male) |
| 19:29 | Crear | Chu Ko Nu |
| 19:34 | Crear | Villager (Male) |
| 19:52 | Crear | Iron Pagoda |
| 19:55 | Crear | Villager (Male) |
| 20:07 | Crear | Chu Ko Nu |
| 20:37 | Crear | Villager (Male) |
| 20:52 | Crear | Iron Pagoda |
| 20:58 | Crear | Villager (Male) |
| 21:01 | Crear | Chu Ko Nu |
| 21:04 | Crear | Villager (Male) |
| 21:15 | Construir | Outpost |
| 21:16 | Investigar | Town Watch |
| 21:16 | Investigar | Town Watch |
| 21:20 | Crear | Chu Ko Nu |
| 21:25 | Crear | Villager (Male) |
| 21:37 | Crear | Villager (Male) |
| 21:40 | Crear | Iron Pagoda |
| 21:43 | Construir | Outpost |
| 21:45 | Crear | Villager (Male) |
| 21:51 | Crear | Chu Ko Nu |
| 21:52 | Crear | Villager (Male) |
| 21:58 | Investigar | Horse Collar |
| 21:59 | Construir | House |
| 22:04 | Construir | House |
| 22:09 | Crear | Iron Pagoda |
| 22:15 | Crear | Villager (Male) |
| 22:19 | Construir | University |
| 22:29 | Investigar | Leather Archer Armor |
| 22:32 | Construir | House |
| 22:51 | Construir | House |
| 23:01 | Crear | Chu Ko Nu |
| 23:11 | Crear | Chu Ko Nu |
| 23:11 | Crear | Villager (Male) |
| 23:23 | Crear | Iron Pagoda |
| 23:24 | Construir | House |
| 23:27 | Crear | Villager (Male) |
| 23:28 | Construir | Lumber Camp |
| 23:33 | Crear | Chu Ko Nu |
| 23:43 | Crear | Chu Ko Nu |
| 23:51 | Construir | House |
| 24:28 | Crear | Chu Ko Nu |
| 24:29 | Crear | Villager (Male) |
| 24:42 | Crear | Chu Ko Nu |
| 24:43 | Crear | Villager (Male) |
| 24:49 | Crear | Villager (Male) |
| 24:52 | Construir | Castle |
| 25:04 | Crear | Chu Ko Nu |
| 25:05 | Crear | Villager (Male) |
| 25:17 | Construir | Lumber Camp |
| 25:20 | Crear | Villager (Male) |
| 26:01 | Crear | Chu Ko Nu |
| 26:02 | Crear | Villager (Male) |
| 26:04 | Construir | Farm |
| 26:04 | Construir | Farm |
| 26:04 | Construir | Farm |
| 26:04 | Construir | Farm |
| 26:04 | Construir | Farm |
| 26:05 | Construir | Farm |
| 26:05 | Investigar | Heavy Plow |
| 26:09 | Crear | Villager (Male) |
| 26:10 | Construir | Farm |
| 26:11 | Construir | Farm |
| 26:18 | Crear | Chu Ko Nu |
| 26:19 | Crear | Villager (Male) |
| 26:40 | Construir | Mill |
Build order — TAG_Wayne
Primeras 150 de 408 acciones detectadas
| 0:19 | Construir | Town Center |
| 0:27 | Construir | Dock |
| 0:31 | Construir | House |
| 1:51 | Construir | Palisade Wall |
| 1:52 | Construir | Palisade Wall |
| 2:40 | Crear | Villager (Male) |
| 2:41 | Crear | Villager (Male) |
| 2:49 | Crear | Villager (Male) |
| 2:50 | Crear | Villager (Male) |
| 3:40 | Construir | House |
| 3:49 | Construir | House |
| 4:08 | Crear | Fishing Ship |
| 4:13 | Crear | Villager (Male) |
| 4:40 | Construir | House |
| 4:44 | Construir | House |
| 4:48 | Crear | Villager (Male) |
| 4:49 | Crear | Villager (Male) |
| 5:05 | Crear | Villager (Male) |
| 5:05 | Crear | Villager (Male) |
| 5:29 | Crear | Villager (Male) |
| 5:29 | Crear | Villager (Male) |
| 5:53 | Crear | Fishing Ship |
| 5:53 | Crear | Fishing Ship |
| 5:55 | Crear | Villager (Male) |
| 5:56 | Crear | Villager (Male) |
| 6:07 | Construir | House |
| 6:21 | Crear | Villager (Male) |
| 6:42 | Crear | Villager (Male) |
| 6:55 | Crear | Fishing Ship |
| 6:57 | Crear | Villager (Male) |
| 7:26 | Crear | Fishing Ship |
| 7:32 | Construir | House |
| 7:50 | Crear | Villager (Male) |
| 8:18 | Construir | House |
| 8:19 | Crear | Villager (Male) |
| 8:27 | Investigar | Loom |
| 8:35 | Crear | Fishing Ship |
| 8:36 | Crear | Villager (Male) |
| 8:51 | Construir | Palisade Wall |
| 8:52 | Construir | Palisade Wall |
| 9:01 | Crear | Villager (Male) |
| 9:19 | Construir | Settlement |
| 9:30 | Construir | House |
| 9:49 | Crear | Villager (Male) |
| 10:17 | Crear | Villager (Male) |
| 10:20 | Crear | Fishing Ship |
| 10:36 | Construir | Palisade Wall |
| 10:48 | Crear | Villager (Male) |
| 11:00 | Construir | Dock |
| 11:06 | Crear | Villager (Male) |
| 11:17 | Construir | Palisade Wall |
| 11:38 | Construir | Palisade Wall |
| 11:53 | Investigar | Feudal Age |
| 12:30 | Crear | Villager (Male) |
| 12:30 | Crear | Villager (Male) |
| 12:51 | Construir | Palisade Wall |
| 12:53 | Construir | Palisade Wall |
| 13:06 | Crear | Fishing Ship |
| 13:06 | Crear | Fishing Ship |
| 14:02 | Construir | House |
| 14:03 | Edad | Edad Feudal |
| 14:08 | Construir | Blacksmith |
| 14:16 | Construir | Market |
| 14:39 | Crear | Villager (Male) |
| 14:43 | Construir | House |
| 14:44 | Construir | House |
| 14:56 | Investigar | Double-Bit Axe |
| 15:23 | Investigar | Castle Age |
| 15:38 | Crear | Unit 2626 ×2 |
| 15:59 | Crear | Unit 2626 |
| 16:00 | Crear | Unit 2626 |
| 16:02 | Construir | House |
| 16:08 | Construir | Palisade Wall |
| 16:25 | Crear | Unit 2626 |
| 16:28 | Investigar | Gold Mining |
| 16:28 | Investigar | Gold Mining |
| 16:48 | Crear | Villager (Male) |
| 16:49 | Crear | Villager (Male) |
| 16:57 | Construir | Settlement |
| 17:14 | Construir | House |
| 18:03 | Edad | Edad de los Castillos |
| 18:13 | Crear | Villager (Male) |
| 18:22 | Construir | Town Center |
| 18:33 | Crear | Villager (Male) |
| 18:40 | Investigar | Town Watch |
| 18:40 | Investigar | Town Watch |
| 18:59 | Crear | Villager (Male) |
| 19:24 | Construir | Town Center |
| 19:52 | Crear | Villager (Male) |
| 20:10 | Crear | Villager (Male) |
| 20:15 | Investigar | Fletching |
| 20:16 | Investigar | Fletching |
| 20:18 | Crear | Villager (Male) |
| 20:24 | Crear | Villager (Male) |
| 20:26 | Construir | Settlement |
| 20:31 | Crear | Skirmisher |
| 20:32 | Crear | Skirmisher |
| 20:37 | Crear | Villager (Male) |
| 20:50 | Crear | Villager (Male) |
| 21:05 | Construir | Siege Workshop |
| 21:17 | Crear | Villager (Male) |
| 21:17 | Crear | Villager (Male) |
| 21:24 | Crear | Villager (Male) |
| 21:30 | Crear | Mangonel |
| 21:31 | Crear | Mangonel |
| 21:37 | Crear | Villager (Male) |
| 22:14 | Crear | Villager (Male) |
| 22:16 | Crear | Mangonel |
| 22:16 | Crear | Mangonel |
| 23:25 | Crear | Villager (Male) |
| 23:26 | Crear | Villager (Male) |
| 23:31 | Construir | Watch Tower |
| 24:46 | Crear | Mangonel |
| 24:46 | Crear | Mangonel |
| 24:47 | Crear | Villager (Male) |
| 25:10 | Crear | Villager (Male) |
| 26:10 | Construir | Settlement |
| 27:50 | Construir | Settlement |
| 28:08 | Construir | Settlement |
| 29:37 | Construir | Town Center |
| 30:27 | Crear | Villager (Male) |
| 30:27 | Crear | Villager (Male) |
| 30:29 | Construir | House |
| 30:30 | Construir | House |
| 30:31 | Construir | House |
| 30:31 | Construir | House |
| 30:49 | Construir | Dock |
| 31:04 | Construir | Town Center |
| 31:09 | Construir | House |
| 31:10 | Construir | House |
| 31:32 | Crear | Villager (Male) |
| 31:32 | Crear | Villager (Male) |
| 31:58 | Investigar | Bow Saw |
| 31:58 | Investigar | Bow Saw |
| 32:08 | Construir | Town Center |
| 32:21 | Crear | Villager (Male) |
| 32:24 | Investigar | Tech 906 |
| 32:24 | Investigar | Tech 906 |
| 32:24 | Investigar | Tech 906 |
| 32:30 | Crear | Fishing Ship ×2 |
| 32:33 | Crear | Villager (Male) |
| 32:33 | Crear | Villager (Male) |
| 32:36 | Construir | House |
| 32:37 | Construir | House |
| 32:37 | Construir | House |
| 32:39 | Crear | Villager (Male) |
| 32:39 | Crear | Villager (Male) |
| 32:39 | Crear | Villager (Male) |
| 32:56 | Construir | Dock |
| 33:08 | Crear | Villager (Male) |
Build order — MuRoo*
Primeras 150 de 281 acciones detectadas
| 0:34 | Construir | Town Center |
| 0:49 | Construir | Dock |
| 2:51 | Investigar | Loom |
| 3:02 | Crear | Villager (Male) |
| 3:02 | Crear | Villager (Male) |
| 3:03 | Crear | Villager (Male) |
| 3:18 | Crear | Villager (Male) |
| 3:18 | Crear | Villager (Male) |
| 3:30 | Crear | Villager (Male) |
| 3:30 | Crear | Villager (Male) |
| 4:17 | Crear | Fishing Ship |
| 5:02 | Construir | House |
| 5:11 | Crear | Fishing Ship |
| 5:21 | Crear | Villager (Male) |
| 5:21 | Crear | Villager (Male) |
| 5:46 | Crear | Villager (Male) |
| 5:46 | Crear | Villager (Male) |
| 6:07 | Construir | House |
| 6:15 | Crear | Villager (Male) |
| 6:16 | Crear | Villager (Male) |
| 6:38 | Crear | Fishing Ship |
| 6:43 | Crear | Villager (Male) |
| 6:44 | Crear | Villager (Male) |
| 7:07 | Crear | Villager (Male) |
| 7:07 | Crear | Villager (Male) |
| 7:10 | Crear | Villager (Male) |
| 7:10 | Crear | Villager (Male) |
| 7:27 | Construir | House |
| 7:39 | Crear | Villager (Male) |
| 7:39 | Crear | Villager (Male) |
| 7:42 | Crear | Fishing Ship |
| 8:01 | Construir | House |
| 8:09 | Crear | Villager (Male) |
| 8:09 | Crear | Villager (Male) |
| 8:10 | Crear | Villager (Male) |
| 8:40 | Crear | Villager (Male) |
| 8:41 | Crear | Villager (Male) |
| 8:41 | Crear | Villager (Male) |
| 8:43 | Crear | Fishing Ship |
| 9:13 | Crear | Villager (Male) |
| 9:14 | Crear | Fishing Ship |
| 9:42 | Construir | Mill |
| 10:21 | Construir | House |
| 10:24 | Crear | Villager (Male) |
| 10:48 | Crear | Fishing Ship |
| 11:10 | Investigar | Feudal Age |
| 11:24 | Construir | Mining Camp |
| 11:52 | Construir | Dock |
| 12:57 | Construir | House |
| 12:59 | Crear | Fishing Ship |
| 13:15 | Construir | Lumber Camp |
| 13:20 | Edad | Edad Feudal |
| 13:21 | Crear | Villager (Male) |
| 13:21 | Crear | Villager (Male) |
| 13:23 | Crear | Galley |
| 13:23 | Crear | Galley |
| 13:23 | Crear | Galley |
| 13:23 | Crear | Galley |
| 13:50 | Crear | Villager (Male) |
| 14:01 | Construir | House |
| 14:03 | Construir | House |
| 14:17 | Crear | Villager (Male) |
| 14:20 | Crear | Galley |
| 14:20 | Crear | Galley |
| 14:20 | Crear | Galley |
| 14:39 | Crear | Galley |
| 14:39 | Crear | Galley |
| 14:55 | Crear | Villager (Male) |
| 15:08 | Construir | Blacksmith |
| 15:10 | Crear | Villager (Male) |
| 15:51 | Crear | Galley |
| 16:30 | Construir | Market |
| 16:35 | Crear | Villager (Male) |
| 16:36 | Crear | Villager (Male) |
| 16:36 | Crear | Villager (Male) |
| 16:38 | Crear | Galley |
| 16:39 | Crear | Galley |
| 16:48 | Investigar | Fletching |
| 17:26 | Crear | Galley |
| 17:26 | Crear | Galley |
| 17:30 | Investigar | Castle Age |
| 17:42 | Construir | House |
| 17:52 | Crear | Galley |
| 17:53 | Crear | Galley |
| 20:11 | Edad | Edad de los Castillos |
| 20:33 | Construir | Town Center |
| 20:37 | Crear | Villager (Male) |
| 20:46 | Construir | Town Center |
| 22:08 | Construir | Siege Workshop |
| 22:36 | Crear | Scorpion |
| 22:36 | Crear | Scorpion |
| 22:57 | Crear | Villager (Male) |
| 22:57 | Crear | Villager (Male) |
| 23:27 | Construir | Siege Workshop |
| 23:31 | Crear | Mangonel |
| 24:00 | Crear | Villager (Male) |
| 24:00 | Crear | Villager (Male) |
| 24:03 | Crear | Villager (Male) |
| 24:19 | Construir | Lumber Camp |
| 24:21 | Crear | Mangonel |
| 24:48 | Crear | Mangonel |
| 24:49 | Crear | Mangonel |
| 25:01 | Construir | House |
| 25:16 | Crear | Villager (Male) |
| 25:18 | Construir | Mining Camp |
| 25:31 | Crear | Villager (Male) |
| 27:13 | Construir | Mining Camp |
| 27:20 | Construir | House |
| 27:27 | Investigar | Double-Bit Axe |
| 27:29 | Investigar | Horse Collar |
| 27:31 | Investigar | Gold Mining |
| 27:53 | Crear | Mangonel |
| 27:56 | Crear | Mangonel |
| 28:01 | Crear | Villager (Male) |
| 28:02 | Crear | Villager (Male) |
| 28:07 | Investigar | Stone Mining |
| 28:15 | Crear | Villager (Male) |
| 28:38 | Construir | Town Center |
| 29:06 | Crear | Villager (Male) |
| 29:07 | Crear | Villager (Male) |
| 29:09 | Construir | Lumber Camp |
| 29:14 | Crear | Mangonel |
| 30:09 | Crear | Villager (Male) |
| 30:09 | Crear | Villager (Male) |
| 30:19 | Construir | Farm |
| 30:21 | Crear | Villager (Male) |
| 30:22 | Crear | Villager (Male) |
| 30:24 | Construir | Farm |
| 30:25 | Construir | Farm |
| 30:43 | Crear | Villager (Male) |
| 30:45 | Construir | Farm |
| 30:47 | Crear | Villager (Male) |
| 30:47 | Crear | Villager (Male) |
| 30:50 | Crear | Villager (Male) |
| 31:12 | Construir | House |
| 31:14 | Crear | Villager (Male) |
| 31:30 | Construir | Castle |
| 31:41 | Construir | House |
| 31:42 | Construir | House |
| 31:42 | Construir | House |
| 31:55 | Crear | Villager (Male) |
| 32:01 | Construir | Farm |
| 32:02 | Construir | Farm |
| 32:02 | Construir | Farm |
| 32:03 | Construir | Farm |
| 32:04 | Construir | Farm |
| 32:05 | Construir | Farm |
| 32:11 | Investigar | Heavy Plow |
| 32:12 | Investigar | Bow Saw |
| 32:21 | Construir | Lumber Camp |
Cronología de la partida
| 0:27 | TAG_Wayne · first_building Dock |
| 0:49 | MuRoo* · first_building Dock |
| 0:59 | ? · first_building Dock |
| 1:03 | GRANDFATHER · first_building Dock |
| 1:04 | 上官铁柱 · first_building Dock |
| 1:07 | Sushu · first_building Dock |
| 1:15 | Mucize- · first_building Dock |
| 1:35 | Smokey · first_building Dock |
| 1:51 | TAG_Wayne · wall_segment Palisade Wall x1 |
| 1:52 | TAG_Wayne · wall_segment Palisade Wall x1 |
| 5:21 | Mucize- · wall_segment Palisade Wall x1 |
| 6:15 | GRANDFATHER · wall_segment Palisade Wall x1 |
| 8:51 | TAG_Wayne · wall_segment Palisade Wall x1 |
| 8:52 | TAG_Wayne · wall_segment Palisade Wall x1 |
| 10:36 | TAG_Wayne · wall_segment Palisade Wall x4 |
| 11:17 | TAG_Wayne · wall_segment Palisade Wall x11 |
| 11:38 | TAG_Wayne · wall_segment Palisade Wall x5 |
| 11:42 | Sushu · wall_segment Palisade Wall x4 |
| 11:43 | Sushu · wall_segment Palisade Wall x5 |
| 12:10 | ? · first_building Barracks |
| 12:41 | Mucize- · age_up feudal |
| 12:42 | Sushu · age_up feudal |
| 12:51 | TAG_Wayne · wall_segment Palisade Wall x4 |
| 12:53 | TAG_Wayne · wall_segment Palisade Wall x3 |
| 13:07 | ? · age_up feudal |
| 13:09 | ? · first_building Stable |
| 13:10 | GRANDFATHER · age_up feudal |
| 13:20 | MuRoo* · age_up feudal |
| 13:30 | Smokey · age_up feudal |
| 13:42 | Sushu · first_market_sell 100 stone |
| 13:43 | Sushu · first_market_buy 100 food |
| 14:03 | TAG_Wayne · age_up feudal |
| 14:10 | 上官铁柱 · age_up feudal |
| 14:18 | GRANDFATHER · wall_segment Palisade Wall x1 |
| 14:18 | GRANDFATHER · wall_segment Palisade Wall x1 |
| 14:19 | GRANDFATHER · wall_segment Palisade Wall x1 |
| 14:27 | GRANDFATHER · wall_segment Palisade Wall x1 |
| 14:31 | GRANDFATHER · wall_segment Palisade Wall x1 |
| 14:32 | GRANDFATHER · wall_segment Palisade Wall x1 |
| 14:34 | GRANDFATHER · wall_segment Palisade Wall x1 |
| 14:35 | GRANDFATHER · wall_segment Palisade Wall x1 |
| 15:03 | GRANDFATHER · wall_segment Palisade Wall x1 |
| 15:16 | GRANDFATHER · first_building Barracks |
| 15:52 | Smokey · first_building Barracks |
| 16:08 | TAG_Wayne · wall_segment Palisade Wall x5 |
| 16:09 | Mucize- · wall_segment Palisade Wall x10 |
| 16:22 | Mucize- · wall_segment Palisade Wall x7 |
| 16:23 | GRANDFATHER · first_building Archery Range |
| 16:26 | Mucize- · wall_segment Palisade Wall x1 |
| 16:44 | GRANDFATHER · age_up castle |
| 16:45 | Smokey · first_building Stable |
| 16:55 | Sushu · wall_segment Palisade Wall x5 |
| 16:56 | Mucize- · age_up castle |
| 16:58 | Mucize- · first_building Castle |
| 17:05 | Sushu · age_up castle |
| 17:06 | ? · age_up castle |
| 17:07 | Sushu · first_building Siege Workshop |
| 17:10 | ? · first_building Castle |
| 17:19 | GRANDFATHER · first_market_buy 100 wood |
| 17:30 | Smokey · age_up castle |
| 17:36 | Mucize- · first_market_buy 100 food |
| 17:45 | 上官铁柱 · age_up castle |
| 17:49 | Sushu · wall_segment Palisade Wall x6 |
| 18:03 | TAG_Wayne · age_up castle |
| 18:11 | Mucize- · first_building Siege Workshop |
| 18:18 | 上官铁柱 · first_building Castle |
| 18:40 | Sushu · first_building Monastery |
| 18:56 | Sushu · wall_segment Palisade Wall x1 |
| 19:01 | Sushu · wall_segment Palisade Wall x1 |
| 19:03 | Sushu · wall_segment Palisade Wall x1 |
| 19:05 | Sushu · wall_segment Palisade Wall x1 |
| 19:06 | Sushu · wall_segment Palisade Wall x1 |
| 19:23 | ? · first_building Siege Workshop |
| 19:36 | Sushu · first_building Barracks |
| 20:11 | MuRoo* · age_up castle |
| 20:11 | 上官铁柱 · first_building Siege Workshop |
| 20:37 | Sushu · first_building Archery Range |
| 20:42 | Mucize- · first_market_sell 100 wood |
| 21:05 | TAG_Wayne · first_building Siege Workshop |
| 21:23 | GRANDFATHER · first_building Siege Workshop |
| 22:08 | MuRoo* · first_building Siege Workshop |
| 23:07 | Smokey · first_market_buy 100 food |
| 23:34 | GRANDFATHER · first_building Castle |
| 24:44 | TAG_Wayne · first_market_sell 100 wood |
| 24:45 | MuRoo* · first_market_sell 500 food |
| 25:50 | Sushu · first_building Stable |
| 27:06 | ? · wall_segment Palisade Wall x1 |
| 27:07 | ? · wall_segment Palisade Wall x1 |
| 27:25 | Smokey · first_market_sell 100 food |
| 27:37 | ? · first_market_sell 500 wood |
| 28:05 | TAG_Wayne · first_market_buy 100 wood |
| 29:01 | ? · first_market_buy 100 stone |
| 29:26 | Smokey · tribute_sent a jugador 1 |
| 29:26 | Smokey · tribute_sent a jugador 2 |
| 29:26 | Smokey · tribute_sent a jugador 4 |
| 29:26 | Smokey · tribute_sent a jugador 5 |
| 29:26 | Smokey · tribute_sent a jugador 6 |
| 29:26 | Smokey · tribute_sent a jugador 7 |
| 29:26 | Smokey · tribute_sent a jugador 8 |
| 29:38 | Smokey · first_building Castle |
| 29:45 | GRANDFATHER · first_market_sell 500 stone |
| 30:37 | Smokey · first_building Donjon |
| 30:54 | ? · first_building Archery Range |
| 31:18 | ? · age_up imperial |
| 31:30 | MuRoo* · first_building Castle |
| 32:03 | Mucize- · first_building Barracks |
| 32:46 | MuRoo* · first_market_buy 100 food |
| 33:18 | GRANDFATHER · first_building Stable |
| 33:31 | GRANDFATHER · age_up imperial |
| 33:32 | Smokey · age_up imperial |
| 33:46 | Mucize- · first_building Archery Range |
| 33:47 | MuRoo* · first_building Barracks |
| 33:54 | Mucize- · age_up imperial |
| 34:49 | MuRoo* · first_building Archery Range |
| 36:51 | Sushu · first_building Castle |
| 37:19 | TAG_Wayne · first_building Monastery |
| 37:50 | MuRoo* · age_up imperial |
| 39:45 | TAG_Wayne · first_building Castle |
| 42:10 | Mucize- · wall_segment Palisade Wall x1 |
| 42:12 | Mucize- · wall_segment Palisade Wall x1 |
| 42:12 | Mucize- · wall_segment Palisade Wall x1 |
| 43:08 | ? · wall_segment Stone Wall x2 |
| 43:19 | ? · wall_segment Stone Wall x2 |
| 43:21 | ? · wall_segment Stone Wall x4 |
| 43:33 | TAG_Wayne · first_building Barracks |
| 43:42 | 上官铁柱 · age_up imperial |
| 44:26 | TAG_Wayne · first_building Archery Range |
| 46:38 | TAG_Wayne · age_up imperial |
| 49:04 | Sushu · resign |
[ ANÁLISIS IA · 1 CRÉDITO ]
¿Qué pasó realmente en esta partida?
Wolo.gg analiza cada decisión: build order, eco, micro, errores típicos por bracket. Análisis personalizado por WhatsApp o Discord en 30 segundos.
Guía civ
Turcos
Perfil
Jugador #4420705